 Dungeon Crawl Stone Soup version 0.27.1-35-g4d5d836560 (console) character file.

Game seed: 3697923059223901312

72972 grimtooth the Destroyer (level 15, -16/96 HPs)
             Began as a Tengu Conjurer on Feb 10, 2022.
             Was a High Priest of Vehumet.
             Demolished by an orc warlord (59 damage)
             ... on level 2 of the Orcish Mines on Feb 20, 2022.
             The game lasted 04:18:20 (28452 turns).

grimtooth the Destroyer (Tengu Conjurer)           Turns: 28452, Time: 04:18:21

Health: -16/96     AC:  8    Str: 14    XL:     15   Next: 41%
Magic:  23/39      EV: 20    Int: 29    God:    Vehumet [*****.]
Gold:   1885       SH:  0    Dex: 12    Spells: 5/34 levels left

rFire    . . .     SeeInvis .   a - staff of conjuration
rCold    . . .     Faith    .   (no shield)
rNeg     . . .     Spirit   .   U - +0 troll leather armour
rPois    .         Reflect  .   M - +2 hat
rElec    .         Harm     .   o - +0 cloak
rCorr    +         Rampage  .   (no gloves)
Will     +....                  (boots unavailable)
Stlth    +++.......             j - amulet of Tyulic {*Slow Regen+ rCorr Str+4 Int+6}
HPRegen  2.26/turn              X - +4 ring of evasion
MPRegen  0.26/turn              C - ring of magical power

@: flying quickly and evasively, quick
A: beak, talons 3, nimble flight
a: Renounce Religion


You were on level 2 of the Orcish Mines.
You worshipped Vehumet.
Vehumet was extremely pleased with you.
You visited 4 branches of the dungeon, and saw 20 of its levels.
You also visited: Gauntlet and Ice Cave.

You collected 2020 gold pieces.
You spent 135 gold pieces at shops.

Inventory:

Hand Weapons
 b - a +4 dagger
 l - a +1 dagger of electrocution
 w - a +2 dagger of venom
Missiles
 d - 15 boomerangs
 f - 10 curare-tipped darts
 i - 2 boomerangs of dispersal
 y - 103 poisoned darts (quivered)
 D - 4 throwing nets {=f}
Armour
 o - a +0 cloak (worn)
 M - a +2 hat (worn)
 U - a +0 troll leather armour (worn)
Magical Staves
 a - a staff of conjuration (weapon)
Jewellery
 j - the amulet of Tyulic (around neck) {*Slow Regen+ rCorr Str+4 Int+6}
   (You found it on level 6 of the Lair of Beasts)

   [amulet of regeneration]

   Str:       It affects your strength (+4).
   Int:       It affects your intelligence (+6).
   Regen:     It increases your rate of health regeneration.
   rCorr:     It protects you from acid and corrosion.
   *Slow:     It may slow you when you take damage.
 C - a ring of magical power (right hand)
 E - a ring of protection from fire
 G - a ring of see invisible
 V - a ring of protection from cold
 W - a ring of willpower
 X - a +4 ring of evasion (left hand)
Wands
 k - a wand of flame (105)
 m - a wand of acid (26)
 p - a wand of charming (6)
 s - a wand of polymorph (15)
 I - a wand of iceblast (8)
 J - a wand of mindburst (9)
Scrolls
 h - 8 scrolls of fog
 t - 7 scrolls of teleportation
 F - 3 scrolls of blinking
 O - 4 scrolls of magic mapping
Potions
 c - 2 potions of haste
 e - 2 potions of attraction
 g - 4 potions of ambrosia
 n - 2 potions of might
 u - 7 potions of curing
 v - 3 potions of magic
 x - 4 potions of cancellation
 z - 2 potions of invisibility {unknown}
 A - 2 potions of berserk rage {unknown}
 K - 6 potions of mutation {unknown}
 L - 2 potions of resistance
Miscellaneous
 q - a phantom mirror


   Skills:
 - Level 12.0 Fighting
 - Level 6.0 Staves
 - Level 6.0 Armour
 + Level 6.6 Dodging
 - Level 6.0 Stealth
 - Level 10.0 Spellcasting
 - Level 14.0 Conjurations
 - Level 6.0 Hexes
 - Level 4.0 Translocations
 * Level 9.7 Fire Magic
 + Level 8.6 Air Magic
 - Level 4.0 Poison Magic
 - Level 6.0 Evocations


You had 5 spell levels left.
You knew the following spells:

 Your Spells              Type           Power      Damage    Failure   Level
a - Magic Dart            Conj           100%       1d8       0%          1
b - Searing Ray           Conj           100%       3d7       0%          2
c - Mephitic Cloud        Conj/Pois/Air  78%        N/A       1%          3
d - Iskenderun's Mystic   Conj/Tloc      79%        2d16      1%          4
f - Sticky Flame          Conj/Fire      90%        2d10      1%          4
g - Conjure Ball Lightni  Conj/Air       44%        3x3d15    1%          6
h - Freezing Cloud        Conj/Ice/Air   36%        6-21      1%          5
x - Fulminant Prism       Conj/Hex       41%        3d20      1%          4

Your spell library contained the following spells:

 Spells                   Type           Power      Damage    Failure   Level
 Spellforged Servitor     Conj/Summ      35%        N/A       45%         7
 Sandblast                Erth           28%        2d8       1%          1
 Sting                    Tmut/Pois      100%       1d8       1%          1
 Poisonous Vapours        Pois/Air       100%       N/A       1%          2
 Dazzling Flash           Conj/Hex       100%       N/A       1%          3
 Gell's Gravitas          Tloc           18%        N/A       2%          3
 Lesser Beckoning         Tloc           18%        N/A       2%          3
 Teleport Other           Tloc           37%        N/A       2%          3
 Olgreb's Toxic Radiance  Pois           37%        N/A       2%          4
 Frozen Ramparts          Ice            28%        1d4       4%          3
 Passwall                 Tmut/Erth      11%        N/A       7%          2
 Ozocubu's Armour         Ice            14%        N/A       14%         3
 Lee's Rapid Deconstruct  Erth           7%         3d7*      30%         5
 Summon Mana Viper        Hex/Summ       31%        N/A       36%         5
 Ice Form                 Ice/Tmut       14%        N/A       41%         4
 Summon Ice Beast         Ice/Summ       14%        N/A       41%         4
 Summon Forest            Summ/Tloc      13%        N/A       50%         5
 Eringya's Noxious Bog    Tmut/Pois      13%        N/A       58%         6
 Shadow Creatures         Summ           N/A        N/A       100%        6
 Ozocubu's Refrigeration  Ice            7%         4d6       100%        7
 Summon Hydra             Summ           7%         N/A       100%        7


Dungeon Overview and Level Annotations

Branches:
Dungeon (11/15)            Temple (1/1) D:7            Lair (6/6) D:10
  Swamp (0/4) Lair:3        Snake (0/4) Lair:3        Slime (0/5) Lair:6
    Orc (2/2) D:11            Elf (0/3) Orc:2         IceCv (visited)
Gauntlet (visited)

Altars:
Ashenzari
Cheibriados
Dithmenos
Elyvilon
Fedhas
Gozag
Hepliaklqana
Kikubaaqudgha
Makhleb
Nemelex Xobeh
Okawaru
Qazlal
Ru
Sif Muna
Trog
Uskayaw
Vehumet
Wu Jian
Xom
Yredelemnul
Zin
The Shining One
Lugonu

Shops:
D:4 !**=(   D:8 **   Orc:2 (:[*

Annotations:
D:11 exclusion: gargoyle
Lair:4 3 runed translucent doors, Oggiz's ghost, journeyman TrMo


Innate Abilities, Weirdness & Mutations

You have a beak for a mouth.
You have claws for feet.
Your magical nature lets you fly swiftly and evasively.


Message History

Aim: an orc warlord, wielding a +0 arbalest, wearing a +3 chain mail of poison resistance and quivering bolts (strong, will become a ghost moth, an emperor scorpion, or a dire elephant, chance to affect: 29%)
Okay, then.
Aiming: Corrosive Bolt
Press: ? - help, Shift-Dir - straight line, f - orc warlord, p - orc warlord
Aim: an orc warlord, wielding a +1 great mace and wearing a +0 chain mail (freezing vapour, moderately wounded, strong, 81% to hit)
The bolt of acid hits the orc warlord!
The orc warlord is splashed with acid.
The acid corrodes the orc warlord!
The orc warlord is heavily wounded.
The orc warlord shoots a bolt.
The bolt barely misses you.
The orc wizard gestures wildly while chanting.
The orc wizard flickers and vanishes!
Deactivating autopickup; reactivate with Ctrl-A.
The orc warlord is engulfed in freezing vapours.
Press: ? - help, v - describe, . - travel The floor.
Press: ? - help, v - describe, . - travel The floor.
Casting: Sticky Flame (safe; 1% risk of failure)
Confirm with . or Enter, or press ? or * to list all spells.
Aiming: Fulminant Prism (safe; 1% risk of failure)
Press: ? - help, Dir - move target, p - orc warlord You feel a surge of power!
You conjure a prism of explosive energy!
A fulminant prism comes into view.
The orc warlord shoots a bolt.
The bolt hits you!!
* * * LOW HITPOINT WARNING * * *
The orc warlord is engulfed in freezing vapours.
A puff of flame appears from out of thin air!
You hear a sizzling sound! x2
The orc warlord is engulfed in freezing vapours.
The orc warlord closely misses you.
The orc priest looks encouraged for a moment.
The orc warrior barely misses you.
Your fulminant prism crackles loudly.
You fly downwards.
Reactivating autopickup.
There is a stone staircase leading up here.
The orc warlord hits you with a +1 great mace!!!
Ouch! That really hurt!
You die...

####..# # ##.#...####
## #...#..#..## .#
##..#......#
####..........#
###..........##
##.......<...#### ###
#.............#.###.##
................@....#
.......[.........o<.##
....[....##..........##
.......[...).......#..#
............)......####
....∩...............##
.....................#
..8...............#.##
.................####


You could see an orc warlord (strong, corroded).

Vanquished Creatures
  An orc warlord (Orc:2)
  2 dire elephants (Lair:6)
  Snorg (Lair:6)
  A minotaur (Gauntlet)
  A boulder beetle (D:11)
  3 hydras
  2 catoblepae
  2 ironbound frosthearts (IceCv)
  5 two-headed ogres
  Erica (Lair:1)
  10 death yaks
  Urug (D:10)
  3 orc high priests (Orc:2)
  2 spectral death yaks (Lair:6)
  A spectral anaconda (Lair:6)
  An obsidian statue (Lair:6)
  3 orc knights (Orc:2)
  Pikel (D:9)
  4 necromancers (Lair:6)
  A deep elf pyromancer (D:11)
  3 orc sorcerers
  A cyclops (Orc:2)
  A manticore (D:10)
  12 elephants
  An ugly thing (IceCv)
  8 black mambas
  4 torpor snails (Lair:2)
  2 molten gargoyles (Gauntlet)
  6 cane toads
  An ice statue (IceCv)
  Psyche (D:9)
  2 gargoyles (Gauntlet)
  3 rime drakes
  2 kobold demonologists (D:9)
  7 komodo dragons
  4 trolls
  4 hornets
  11 blink frogs
  8 polar bears (IceCv)
  6 dream sheep
  3 slime creatures (Lair:6)
  A dire elephant simulacrum (Lair:6)
  Grum (D:9)
  2 wyverns
  57 yaks
  A basilisk (Lair:3)
  A fire elemental (Orc:1)
  A steam dragon (Gauntlet)
  Edmund (D:6)
  3 wargs
  An acid dragon (D:8)
  7 water moccasins
  A hornet zombie (D:8)
  2 swamp drakes (D:11)
  A black bear (Lair:5)
  2 ice beasts
  38 orc warriors
  A sky beast (D:7)
  6 ogres
  An elephant zombie (Lair:6)
  A necrophage (D:7)
  31 wolves
  12 centaurs
  A lemure (D:9)
  An elephant skeleton (Lair:6)
  A kobold brigand (D:9)
  Blork the orc (D:6)
  2 scorpions
  6 bullfrogs
  2 gnoll sergeants (D:9)
  10 killer bees
  2 electric eels (D:10)
  2 wights (D:9)
  A howler monkey (D:5)
  A bullfrog zombie (D:5)
  4 centaur zombies
  A jelly (D:4)
  A gnoll shaman (D:9)
  A hound (D:6)
  14 orc priests
  A bullfrog skeleton (D:5)
  2 centaur skeletons
  20 orc wizards
  4 iguanas
  Natasha (thrice) (D:2)
  2 killer bee zombies
  A hound zombie (D:5)
  2 howler monkey zombies
  6 gnolls
  9 adders
  12 white imps (Lair:6)
  2 ufetubi
  3 worms
  2 dart slugs (D:2)
  66 orcs
  6 ball pythons
  3 bats
  7 endoplasms
  3 giant cockroaches
  8 goblins
  4 hobgoblins
  4 jackals
  3 quokkas
  2 frilled lizards (D:3)
  9 kobolds
  3 rats
  A fulminant prism (IceCv)
547 creatures vanquished.

Vanquished Creatures (collateral kills)
  A killer bee (D:9)
  2 kobolds (D:9)
3 creatures vanquished.

Vanquished Creatures (others)
  A killer bee (D:9)
  23 ball lightnings
  14 demonic plants (Gauntlet)
  129 fulminant prisms
  85 fungi
  132 plants
  28 withered plants (Lair:6)
412 creatures vanquished.

Grand Total: 962 creatures vanquished

Notes
Turn   | Place    | Note
-------+----------+-------------------------------------------
     0 | D:1      | grimtooth the Tengu Conjurer began the quest for the Orb.
     0 | D:1      | Reached XP level 1. HP: 10/10 MP: 4/4
     0 | D:1      | - well that was extremely goddamned careless last time
     0 | D:1      | - cbro 20220210
   387 | D:1      | Reached XP level 2. HP: 15/15 MP: 4/6
   387 | D:1      | Found a faded altar of an unknown god.
   857 | D:1      | Learned a level 2 spell: Searing Ray
  1033 | D:2      | Noticed Natasha
  1070 | D:2      | Killed Natasha
  1071 | D:2      | Reached XP level 3. HP: 19/19 MP: 2/8
  1296 | D:2      | You fall into a shaft and drop 2 floors!
  1341 | D:3      | Reached skill level 6 in Conjurations
  1341 | D:3      | Reached XP level 4. HP: 24/24 MP: 1/10
  1731 | D:2      | Noticed Natasha
  1738 | D:2      | Killed Natasha
  1785 | D:2      | Noticed Natasha
  1800 | D:2      | Killed Natasha
  1801 | D:2      | Gained mutation: Your magical nature lets you fly swiftly
                  | and evasively. [Tengu growth]
  1801 | D:2      | Reached XP level 5. HP: 28/28 MP: 4/11
  3069 | D:4      | Found Kiseejod's Weapon Shoppe.
  3301 | D:4      | Found Popapae's Jewellery Emporium.
  3348 | D:4      | Reached XP level 6. HP: 32/32 MP: 8/14
  3370 | D:4      | Reached skill level 7 in Conjurations
  3442 | D:4      | Reached skill level 5 in Spellcasting
  3623 | D:4      | Found Uragidusch's Distillery.
  3630 | D:4      | Bought a potion of curing for 39 gold pieces
  3644 | D:4      | Found Huerhoucw's General Store.
  3650 | D:4      | Found Moth's Assorted Antiques.
  3659 | D:4      | Bought a scroll labelled CUIDATZ FEANO for 26 gold pieces
  3659 | D:4      | Bought a scroll labelled CASMOG ESYMN for 26 gold pieces
  4005 | D:4      | Found a glowing silver altar of Zin.
  4046 | D:4      | Found a hide-covered altar of Uskayaw.
  4336 | D:5      | Entered Level 5 of the Dungeon
  4480 | D:5      | Reached XP level 7. HP: 19/36 MP: 9/16
  4935 | D:5      | Found a hazy altar of Hepliaklqana.
  4942 | D:5      | Found a blossoming altar of Fedhas.
  5372 | D:5      | Reached skill level 1 in Armour
  5372 | D:5      | Reached skill level 8 in Conjurations
  5957 | D:6      | Reached XP level 8. HP: 41/41 MP: 14/18
  6065 | D:6      | Reached skill level 9 in Conjurations
  6507 | D:6      | Noticed Edmund
  6531 | D:6      | Killed Edmund
  6718 | D:6      | Noticed Blork the orc
  6724 | D:6      | Killed Blork the orc
  6831 | D:7      | Reached skill level 5 in Armour
  6831 | D:7      | Reached skill level 10 in Conjurations
  6862 | D:7      | Found a shimmering blue altar of Sif Muna.
  6892 | D:7      | Found a staircase to the Ecumenical Temple.
  6904 | Temple   | Entered the Ecumenical Temple
  6937 | Temple   | Became a worshipper of Vehumet
  7114 | D:7      | Found an ornate altar of the Wu Jian Council.
  7800 | D:8      | Reached skill level 11 in Conjurations
  7800 | D:8      | Reached XP level 9. HP: 34/45 MP: 10/19
  7940 | D:8      | Found an iron altar of Okawaru.
  7997 | D:8      | Found Xejuf's Specific Store.
  8002 | D:8      | Found Fedoabif's General Store.
  8013 | D:8      | Bought a scroll of fog for 22 gold pieces
  8013 | D:8      | Bought a scroll of identify for 22 gold pieces
  8283 | D:8      | Found a sacrificial altar of Ru.
  8482 | D:8      | Noticed a hornet
  8595 | D:8      | Noticed a two-headed ogre
  8609 | D:8      | Killed a two-headed ogre
  8610 | D:8      | Reached skill level 12 in Conjurations
  8610 | D:8      | Reached skill level 5 in Dodging
  8663 | D:8      | Reached skill level 1 in Fighting
  9009 | D:9      | Noticed a kobold demonologist
  9217 | D:9      | Reached * piety under Vehumet
  9217 | D:9      | Offered knowledge of Foxfire by Vehumet.
  9316 | D:9      | Noticed Psyche
  9330 | D:9      | Killed Psyche
  9331 | D:9      | Reached XP level 10. HP: 32/56 MP: 12/20
  9730 | D:9      | Killed a kobold demonologist
  9824 | D:9      | Reached skill level 5 in Fighting
  9965 | D:9      | Noticed Pikel
  9980 | D:9      | Killed Pikel
 10045 | D:9      | Reached skill level 5 in Stealth
 10315 | D:9      | Noticed Grum
 10339 | D:9      | Killed Grum
 10347 | D:9      | Reached skill level 1 in Hexes
 10347 | D:9      | Reached skill level 1 in Translocations
 10511 | D:9      | Noticed a two-headed ogre
 11189 | D:9      | Killed a two-headed ogre
 11209 | D:9      | Learned a level 4 spell: Iskenderun's Mystic Blast
 11214 | D:9      | Learned a level 4 spell: Fulminant Prism
 11224 | D:9      | Noticed a two-headed ogre
 11233 | D:9      | Killed a two-headed ogre
 11233 | D:9      | Reached ** piety under Vehumet
 11233 | D:9      | Offered knowledge of Freeze by Vehumet.
 11234 | D:9      | Reached XP level 11. HP: 64/64 MP: 13/21
 11601 | D:9      | Found a basalt altar of Yredelemnul.
 11888 | D:10     | Entered Level 10 of the Dungeon
 11888 | D:10     | Found a snail-covered altar of Cheibriados.
 11888 | D:10     | Found a glowing golden altar of the Shining One.
 12093 | D:10     | Found Jeeriuxo's Book Shoppe.
 12130 | D:10     | Noticed Urug
 12144 | D:10     | Found a shadowy altar of Dithmenos.
 12174 | D:10     | Noticed a manticore
 12307 | D:10     | Found a shimmering altar of Xom.
 12307 | D:10     | Found a bloodstained altar of Trog.
 12527 | D:10     | Noticed a two-headed ogre
 12749 | D:10     | Killed a two-headed ogre
 13022 | D:10     | Found a white marble altar of Elyvilon.
 13041 | D:10     | Killed a manticore
 13244 | D:10     | Found a staircase to the Lair.
 13652 | D:11     | Noticed a two-headed ogre
 13670 | D:11     | Killed a two-headed ogre
 13733 | D:11     | Offered knowledge of Mephitic Cloud by Vehumet.
 13822 | D:11     | Reached *** piety under Vehumet
 13855 | D:11     | Found a staircase to the Orcish Mines.
 14063 | D:11     | Noticed a boulder beetle
 14079 | D:11     | - that was...careless
 14241 | D:11     | Learned a level 3 spell: Mephitic Cloud
 14269 | D:11     | Noticed Sonja
 14270 | D:11     | Noticed Sonja
 14270 | D:11     | Sonja changed into Sonja the ice beast
 14282 | D:11     | Killed Sonja the ice beast
 14790 | D:11     | Offered knowledge of Sticky Flame by Vehumet.
 14797 | D:11     | Learned a level 4 spell: Sticky Flame
 14881 | D:11     | Killed a boulder beetle
 14882 | D:11     | Reached XP level 12. HP: 31/73 MP: 24/26
 14948 | D:11     | Reached skill level 1 in Air Magic
 14948 | D:11     | Reached skill level 1 in Poison Magic
 14948 | D:11     | Reached skill level 1 in Evocations
 14986 | D:11     | Upgraded the game from 0.27.1-34-g3ba077fa99 to
                  | 0.27.1-35-g4d5d836560
 15055 | Lair:1   | Entered Level 1 of the Lair of Beasts
 15261 | Lair:1   | Noticed a four-headed hydra
 15333 | Lair:1   | Killed a four-headed hydra
 15364 | Lair:1   | Noticed Erica
 15376 | Lair:1   | Killed Erica
 15420 | Lair:1   | Reached skill level 5 in Air Magic
 15636 | Lair:1   | Reached **** piety under Vehumet
 15945 | Lair:1   | Offered knowledge of Hailstorm by Vehumet.
 15948 | Lair:1   | Reached skill level 5 in Evocations
 16461 | Lair:2   | Found a shimmering altar of Xom.
 16673 | Lair:2   | Noticed a catoblepas
 16698 | Lair:2   | Killed a catoblepas
 16699 | Lair:2   | Reached skill level 1 in Staves
 16851 | Lair:2   | Reached XP level 13. HP: 78/78 MP: 20/27
 17069 | Lair:2   | Found a snail-covered altar of Cheibriados.
 17587 | Lair:3   | Found a staircase to the Swamp.
 17806 | Lair:3   | Found a staircase to the Snake Pit.
 17866 | Lair:3   | Reached ***** piety under Vehumet
 18139 | Lair:3   | Offered knowledge of Conjure Ball Lightning by Vehumet.
 18290 | Lair:3   | Identified the +10 glaive of Winter {venom, Str+2}
 18689 | Lair:4   | Learned a level 6 spell: Conjure Ball Lightning
 18854 | Lair:4   | Found a runed translucent gate.
 18854 | Lair:4   | Found a runed translucent gate.
 18854 | Lair:4   | Found a runed translucent gate.
 18940 | Lair:4   | Found a gate leading to a gauntlet.
 18955 | Gauntlet | Entered a Gauntlet
 18955 | Gauntlet | Found a transporter.
 18967 | Gauntlet | Found a transporter.
 18969 | Gauntlet | Found a transporter.
 18971 | Gauntlet | Found a transporter.
 18971 | Gauntlet | Found a large runed translucent door.
 18971 | Gauntlet | Found a large runed translucent door.
 18972 | Gauntlet | Found a large runed translucent door.
 18972 | Gauntlet | Found a large runed translucent door.
 18984 | Gauntlet | Found a transporter.
 19002 | Gauntlet | Found a transporter.
 19010 | Gauntlet | Found a transporter.
 19030 | Gauntlet | Found a transporter.
 19044 | Gauntlet | Found a transporter.
 19064 | Gauntlet | Found the amulet of Vitality {Regen+ HP+15}
 19069 | Gauntlet | Found a large runed translucent door.
 19070 | Gauntlet | Found a large runed translucent door.
 19071 | Gauntlet | Found a large runed translucent door.
 19071 | Gauntlet | Found a large runed translucent door.
 19072 | Gauntlet | Found a runed translucent gate.
 19073 | Gauntlet | Found a transporter.
 19073 | Gauntlet | Found a runed translucent gate.
 19074 | Gauntlet | Found a runed translucent gate.
 19075 | Gauntlet | Found a large runed translucent door.
 19075 | Gauntlet | Found a large runed translucent door.
 19076 | Gauntlet | Found a large runed translucent door.
 19077 | Gauntlet | Found a large runed translucent door.
 19085 | Gauntlet | Found a transporter.
 19104 | Gauntlet | Found a large runed translucent door.
 19104 | Gauntlet | Found a large runed translucent door.
 19104 | Gauntlet | Found a runed translucent door.
 19104 | Gauntlet | Found a runed translucent door.
 19108 | Gauntlet | Found a transporter.
 19134 | Gauntlet | Found a transporter.
 19139 | Gauntlet | Found a transporter.
 19141 | Gauntlet | Found a transporter.
 19164 | Gauntlet | Found a transporter.
 19196 | Gauntlet | Found a transporter.
 19217 | Gauntlet | Found a transporter.
 19217 | Gauntlet | Found the +3 pair of seven-league boots {Rampage+∞}
 19432 | Gauntlet | Found a large runed translucent door.
 19433 | Gauntlet | Found a large runed translucent door.
 19507 | Gauntlet | Reached skill level 10 in Fighting
 19530 | Gauntlet | Identified the amulet "Sime" {rPois Regen+}
 19654 | Gauntlet | Noticed a minotaur
 19686 | Gauntlet | Killed a minotaur
 19687 | Gauntlet | Reached skill level 5 in Staves
 20031 | Lair:4   | Noticed Oggiz's ghost (journeyman TrMo)
 20631 | Lair:5   | Identified the +3 hunting sling of Pyromania {flame, rF+}
 21493 | Lair:5   | Reached skill level 1 in Fire Magic
 21524 | Lair:5   | Reached XP level 14. HP: 73/92 MP: 7/28
 21805 | Lair:6   | Entered Level 6 of the Lair of Beasts
 21905 | Lair:6   | Found a frozen archway.
 21925 | Lair:6   | Noticed Snorg
 21942 | Lair:6   | Killed Snorg
 21980 | IceCv    | Entered an ice cave
 22196 | IceCv    | Reached skill level 5 in Fire Magic
 22468 | IceCv    | Offered knowledge of Freezing Cloud by Vehumet.
 23482 | Lair:6   | - oh shit
 23769 | Lair:6   | Found a staircase to the Slime Pits.
 24201 | Lair:6   | Noticed a dire elephant
 24201 | Lair:6   | Noticed a dire elephant
 24327 | Lair:6   | Reached skill level 10 in Spellcasting
 24333 | Lair:6   | Learned a level 5 spell: Freezing Cloud
 24436 | Lair:6   | Found an ornate altar of the Wu Jian Council.
 24900 | Lair:6   | Identified the amulet of Tyulic {*Slow Regen+ rCorr Str+4
                  | Int+6}
 25393 | Lair:6   | Killed a dire elephant
 25393 | Lair:6   | Killed a dire elephant
 25394 | Lair:6   | Reached skill level 13 in Conjurations
 25394 | Lair:6   | Reached skill level 5 in Hexes
 25425 | Lair:6   | Reached XP level 15. HP: 94/96 MP: 4/30
 26005 | D:10     | Killed Urug
 26196 | Orc:1    | Entered Level 1 of the Orcish Mines
 26281 | Orc:1    | Found a shimmering altar of Xom.
 26579 | Orc:1    | Offered knowledge of Spellforged Servitor by Vehumet.
 26814 | Orc:1    | Noticed an orc warlord
 26933 | Orc:2    | Entered Level 2 of the Orcish Mines
 26933 | Orc:2    | Found Sunipp's General Store.
 27080 | Orc:2    | Reached skill level 14 in Conjurations
 27258 | Orc:2    | Found Nathruc's Antique Weapon Shop.
 27707 | Orc:2    | Noticed an orc warlord
 27740 | Orc:2    | Killed an orc warlord
 27888 | Orc:2    | Found Wetus's Book Shoppe.
 28055 | Orc:2    | Found Sor Turo's Antique Armour Shoppe.
 28104 | Orc:2    | Found a staircase to the Elven Halls.
 28438 | Orc:1    | Noticed an orc warlord
 28452 | Orc:2    | Demolished by an orc warlord

Illustrated notes ##### #...# #.@.# #...# ##+## Turn 0 on D:1: - well that was extremely goddamned careless last time

#.......#....#..#........#
#...#####....##'#........#
##..##..#.....#.#####....#
##..##..#.....#.....#....+
#.......+.....+.....#....#
#.......#.....#.....#....#
#...##..#.....#.##..#..).#
#...##..#....##.##..#....#
#....[..#@...#..#...'....#
#.......B....#..#...#....#
##..##..#....##.##.##....#
#○#######....# #+#.....#
.... #....# #.....#
......# #....# #.....#
........# #....# #...(.+
..(.....# #....# #...(.#
........# #....# #..$..#


Turn 14079 on D:11: - that was...careless ### #.### # ####...# ###.##...@.###
##..#.#..**....# #..............# .$.#..P....Y...# ..P##.#..Y....## ### ##..##
###......###.. #.###...## #...<........ ..#P.....#####Y...+######
.......###P##.....# Turn 23482 on Lair:6: - oh shit

Levels and vault maps discovered:
D:1:      dpeg_arrival_concentric_ovals, layout_loops_ring,
          shapermc_ecumenical_altar_totnotflames, minmay_fountain_box,
          minivault_4, kennysheep_another_room
D:2:      layout_basic, uniq_natasha
D:3:      layout_loops_cross
D:4:      layout_basic, zin_academy, lemuel_tele_altar, serial_shops, shop,
          shop, nicolae_stop_n_shop_2, nicolae_square_shop, shop,
          supply_closet_lemuel
D:5:      layout_loops_corners, nicolae_overflow_hidden_temple,
          nicolae_hepliaklqana_hazy_memory, minmay_misc_feat_plants,
          guppyfry_early_lair_pool
D:6:      layout_basic, uniq_blork_the_orc, uniq_edmund
D:7:      layout_gridville, mainiacjoe_overflow_brackets,
          nicolae_wu_jian_immortal_techniques, minmay_temple_entry_stoned_glass
D:8:      layout_basic, okawaru_trees_1, mainiacjoe_overflow_alcove_4,
          nicolae_specific_store, water_maze_lemuel
D:9:      cheibrodos_ideogram_h, layout_rooms, mainiacjoe_overflow_boulevard,
          nrook_mini_backslash, uniq_psyche, uniq_grum, uniq_pikel
D:10:     layout_layer_cave, mainiacjoe_overflow_surrounded_room,
          nicolae_elyvilon_temple_path, grunt_temple_overflow_open,
          gammafunk_temple_overflow_wave, david_lair_shrubbed, serial_shops,
          nicolae_lakefront_shop, uniq_urug
D:11:     layout_gridville, erik_orc_1, uniq_sonja
Temple:   corrupted_temple
Lair:1:   layout_regular_city, lemuel_fruit_fields, grunt_megastairs_4,
          uniq_erica
Lair:2:   nzn_winding_woodlands_small [nzn_winding_woodlands_5x15_twine,
          nzn_winding_woodlands_center_diamonds,
          nzn_winding_woodlands_5x15_split_checker], layout_small_grid,
          basic_altar, kennysheep_snail_temple
Lair:3:   layout_long_grid, swamp_mist, minmay_snake_entry_six_corridors
Lair:4:   layout_gridlike, gammafunk_ghost_icy, gauntlet_entry_generic
Lair:5:   layout_regular_city, serial_bayou_shore_b
Lair:6:   due_jungle_book, layout_loops_ring, minmay_slime_entry_pillars,
          portal_ice_cave_entry_imps, serial_rivers,
          chequers_serial_rivers_small_a, chequers_serial_rivers_room_a,
          chequers_serial_rivers_micro_e, chequers_serial_rivers_room_b,
          chequers_serial_rivers_large_a, lemuel_centaur_altar,
          lemuel_fruit_tree, uniq_snorg
Orc:1:    layout_caves, basic_altar, nicolae_orc_lava_tube,
          nicolae_shop_firing_range
Orc:2:    grunt_orc_gardens, layout_diamond_mine, grunt_orc_garden,
          grunt_orc_garden, grunt_orc_garden, grunt_orc_garden

Skill      XL: |  1  2  3  4  5  6  7  8  9 10 11 12 13 14 15 |
---------------+----------------------------------------------+-----
Spellcasting   | 3 4 5 6 9 10 | 10.0
Conjurations   | 6 7 8 11 12 13 14 | 14.0
Armour         | 3 6 |  6.0
Dodging        | 6 |  6.6
Fighting       | 3 6 8 12 | 12.0
Stealth        | 3 6 |  6.0
Hexes          | 3 4 5 6 |  6.0
Translocations | 3 4 |  4.0
Air Magic      | 8 |  8.6
Poison Magic   | 4 |  4.0
Evocations     | 6 |  6.0
Staves         | 1 6 |  6.0
Fire Magic     | 2 9 |  9.7

Action                   |  1- 3 |  4- 6 |  7- 9 | 10-12 | 13-15 || total
-------------------------+-------+-------+-------+-------+-------++-------
Melee: Dagger            |     1 |     5 |     8 |    10 |       ||    24
       Kick              |       |       |     3 |     9 |    27 ||    39
       Peck              |       |       |     1 |     3 |    15 ||    19
       Staff             |       |       |       |    10 |   128 ||   138
 Fire: Hunting sling     |     1 |       |       |       |       ||     1
Throw: Dart              |       |       |    20 |    51 |    15 ||    86
 Cast: Magic Dart        |    32 |    54 |    18 |    27 |     8 ||   139
       Searing Ray       |     4 |    15 |    49 |   111 |   129 ||   308
       Fulminant Prism   |       |       |       |    22 |   109 ||   131
       Iskenderun's Myst |       |       |       |    12 |    57 ||    69
       Mephitic Cloud    |       |       |       |     5 |    17 ||    22
       Sticky Flame      |       |       |       |    11 |    56 ||    67
       Conjure Ball Ligh |       |       |       |       |     8 ||     8
       Freezing Cloud    |       |       |       |       |    10 ||    10
Evoke: Wand              |       |       |     8 |     6 |    13 ||    27
  Use: Scroll            |       |     6 |     6 |     5 |     5 ||    22
       Potion            |       |       |     1 |     1 |     5 ||     7
 Stab: Confused          |       |       |       |       |     1 ||     1
Armor: Leather armour    |       |     3 |       |       |       ||     3
       Ring mail         |       |       |    20 |    10 |       ||    30
       Troll leather arm |       |       |       |    17 |    67 ||    84
Dodge: Dodged            |       |     6 |    38 |   141 |   339 ||   524
